[ AOE2 MATCH · #467442677 ]
UnrankedBritons vs Koreans
[ REPLAY ANALYSIS · EXTRACTED FROM THE RECORDED GAME ]
Feudal
—
Castle
—
Imperial
—
| APM avg | 60.7 |
| APM peak | 74 |
| eAPM avg | 31.6 |
| Villagers / military | 24 / 0 |
Focus
⚔️ 26.2% · 🌾 73.8%
Feudal
—
Castle
—
Imperial
—
| APM avg | 21.6 |
| APM peak | 33 |
| eAPM avg | 12.0 |
| Villagers / military | 14 / 0 |
Focus
⚔️ 19.0% · 🌾 81.0%
Feudal
—
Castle
—
Imperial
—
| APM avg | 31.4 |
| APM peak | 70 |
| eAPM avg | 11.4 |
| Villagers / military | 17 / 0 |
Focus
⚔️ 13.6% · 🌾 86.4%
Feudal
—
Castle
—
Imperial
—
| APM avg | 31.0 |
| APM peak | 48 |
| eAPM avg | 18.6 |
| Villagers / military | 17 / 0 |
Focus
⚔️ 10.6% · 🌾 89.4%
Feudal
—
Castle
—
Imperial
—
| APM avg | 36.6 |
| APM peak | 53 |
| eAPM avg | 17.4 |
| Villagers / military | 21 / 0 |
Focus
⚔️ 25.3% · 🌾 74.7%
Feudal
—
Castle
—
Imperial
—
| APM avg | 32.5 |
| APM peak | 68 |
| eAPM avg | 15.3 |
| Villagers / military | 18 / 0 |
Focus
⚔️ 28.8% · 🌾 71.2%
Match map
Initial resources + every placement click. Lines = walls · curves = elevation contours. ◆ gold · ⬟ stone · ● berries · ✦ relic · ◌ wall gap
Your base
Stratioti's base
[KO19] Westequator's base
[KO19] Davide's base
The Mongoloid Khan's base
[KO19] Tony's base
Smoothed initial terrain · ◌ = detected wall gap · hover for details
Inputs per minute
— Necromancer - - Stratioti
Build order — Necromancer
32 actions detected in the replay
| 0:02 | Create | Villager (Male) |
| 0:02 | Create | Villager (Male) |
| 0:02 | Create | Villager (Male) |
| 0:03 | Build | House |
| 0:04 | Build | House |
| 0:07 | Create | Villager (Male) |
| 0:08 | Create | Villager (Male) |
| 0:24 | Research | Loom |
| 0:34 | Create | Villager (Male) |
| 0:35 | Create | Villager (Male) |
| 0:35 | Create | Villager (Male) |
| 0:38 | Build | Palisade Wall |
| 1:45 | Create | Villager (Male) |
| 1:46 | Create | Villager (Male) |
| 1:54 | Build | Palisade Wall |
| 2:17 | Create | Villager (Male) |
| 3:10 | Create | Villager (Male) |
| 3:10 | Create | Villager (Male) |
| 3:10 | Create | Villager (Male) |
| 3:20 | Build | Lumber Camp |
| 3:38 | Create | Villager (Male) |
| 3:38 | Create | Villager (Male) |
| 3:51 | Build | Palisade Wall |
| 3:57 | Create | Villager (Male) |
| 4:14 | Build | Palisade Wall |
| 4:21 | Create | Villager (Male) |
| 4:21 | Create | Villager (Male) |
| 4:48 | Create | Villager (Male) |
| 4:48 | Create | Villager (Male) |
| 4:49 | Create | Villager (Male) |
| 4:51 | Create | Villager (Male) |
| 4:51 | Create | Villager (Male) |
Build order — Stratioti
17 actions detected in the replay
| 0:01 | Create | Villager (Male) |
| 0:01 | Create | Villager (Male) |
| 0:02 | Build | House |
| 0:03 | Build | House |
| 0:06 | Create | Villager (Male) |
| 0:06 | Create | Villager (Male) |
| 1:24 | Create | Villager (Male) |
| 1:24 | Create | Villager (Male) |
| 1:59 | Create | Villager (Male) |
| 1:59 | Create | Villager (Male) |
| 2:10 | Create | Villager (Male) |
| 2:27 | Build | Lumber Camp |
| 2:43 | Create | Villager (Male) |
| 2:43 | Create | Villager (Male) |
| 3:02 | Create | Villager (Male) |
| 3:02 | Create | Villager (Male) |
| 3:31 | Create | Villager (Male) |
Build order — [KO19] Westequator
23 actions detected in the replay
| 0:00 | Create | Villager (Male) |
| 0:00 | Create | Villager (Male) |
| 0:01 | Create | Villager (Male) |
| 0:01 | Create | Villager (Male) |
| 0:02 | Build | House |
| 0:32 | Create | Villager (Male) |
| 0:32 | Create | Villager (Male) |
| 0:32 | Create | Villager (Male) |
| 0:33 | Create | Villager (Male) |
| 0:36 | Research | Loom |
| 1:17 | Build | Palisade Wall |
| 1:18 | Create | Villager (Male) |
| 1:50 | Build | House |
| 1:52 | Create | Villager (Male) |
| 2:11 | Create | Villager (Male) |
| 2:38 | Create | Villager (Male) |
| 2:46 | Build | Lumber Camp |
| 2:57 | Build | House |
| 3:04 | Create | Villager (Male) |
| 3:25 | Create | Villager (Male) |
| 4:00 | Create | Villager (Male) |
| 4:40 | Create | Villager (Male) |
| 5:00 | Create | Villager (Male) |
Build order — [KO19] Davide
23 actions detected in the replay
| 0:01 | Create | Villager (Male) |
| 0:02 | Create | Villager (Male) |
| 0:03 | Build | House |
| 0:04 | Build | House |
| 0:23 | Create | Villager (Male) |
| 0:24 | Create | Villager (Male) |
| 1:24 | Create | Villager (Male) |
| 1:46 | Build | Lumber Camp |
| 1:50 | Create | Villager (Male) |
| 2:13 | Create | Villager (Male) |
| 2:53 | Create | Villager (Male) |
| 2:53 | Create | Villager (Male) |
| 3:04 | Create | Villager (Male) |
| 3:37 | Create | Villager (Male) |
| 3:51 | Build | House |
| 3:55 | Create | Villager (Male) |
| 4:24 | Build | Dock |
| 4:26 | Create | Villager (Male) |
| 4:26 | Create | Villager (Male) |
| 4:39 | Build | House |
| 4:53 | Create | Villager (Male) |
| 4:53 | Create | Villager (Male) |
| 5:16 | Create | Villager (Male) |
Build order — The Mongoloid Khan
30 actions detected in the replay
| 0:00 | Create | Villager (Male) |
| 0:00 | Create | Villager (Male) |
| 0:01 | Create | Villager (Male) |
| 0:01 | Create | Villager (Male) |
| 0:02 | Build | House |
| 0:04 | Build | House |
| 0:19 | Research | Loom |
| 0:19 | Create | Villager (Male) |
| 0:19 | Create | Villager (Male) |
| 0:19 | Create | Villager (Male) |
| 0:20 | Create | Villager (Male) |
| 1:06 | Build | Palisade Wall |
| 1:07 | Build | Palisade Wall |
| 1:09 | Build | Palisade Wall |
| 1:50 | Build | Lumber Camp |
| 1:51 | Create | Villager (Male) |
| 1:52 | Create | Villager (Male) |
| 2:34 | Create | Villager (Male) |
| 3:03 | Create | Villager (Male) |
| 3:03 | Create | Villager (Male) |
| 3:30 | Create | Villager (Male) |
| 3:30 | Create | Villager (Male) |
| 3:42 | Build | House |
| 3:54 | Create | Villager (Male) |
| 3:54 | Create | Villager (Male) |
| 4:25 | Create | Villager (Male) |
| 4:25 | Create | Villager (Male) |
| 4:25 | Create | Villager (Male) |
| 4:33 | Build | House |
| 4:36 | Create | Villager (Male) |
Build order — [KO19] Tony
23 actions detected in the replay
| 0:01 | Create | Villager (Male) |
| 0:03 | Build | House |
| 0:04 | Build | House |
| 0:14 | Create | Villager (Male) |
| 0:15 | Create | Villager (Male) |
| 0:16 | Create | Villager (Male) |
| 1:24 | Create | Villager (Male) |
| 1:43 | Build | Palisade Wall |
| 2:04 | Create | Villager (Male) |
| 2:16 | Create | Villager (Male) |
| 2:44 | Create | Villager (Male) |
| 2:52 | Build | House |
| 2:54 | Create | Villager (Male) |
| 3:10 | Build | Lumber Camp |
| 3:16 | Create | Villager (Male) |
| 3:56 | Create | Villager (Male) |
| 4:09 | Create | Villager (Male) |
| 4:09 | Create | Villager (Male) |
| 4:21 | Create | Villager (Male) |
| 5:12 | Create | Villager (Male) |
| 5:12 | Create | Villager (Male) |
| 5:13 | Create | Villager (Male) |
| 5:17 | Create | Villager (Male) |
Match timeline
| 0:38 | Necromancer · wall_segment Palisade Wall x11 |
| 1:06 | The Mongoloid Khan · wall_segment Palisade Wall x1 |
| 1:07 | The Mongoloid Khan · wall_segment Palisade Wall x1 |
| 1:09 | The Mongoloid Khan · wall_segment Palisade Wall x2 |
| 1:17 | [KO19] Westequator · wall_segment Palisade Wall x12 |
| 1:43 | [KO19] Tony · wall_segment Palisade Wall x1 |
| 1:54 | Necromancer · wall_segment Palisade Wall x9 |
| 3:51 | Necromancer · wall_segment Palisade Wall x10 |
| 4:14 | Necromancer · wall_segment Palisade Wall x9 |
| 4:24 | [KO19] Davide · first_building Dock |
| 5:01 | Stratioti · resign |
[ AI ANALYSIS · 1 CREDIT ]
What really happened in this match?
Wolo.gg analyzes every decision: build order, eco, micro, common mistakes by bracket. Personalized analysis on WhatsApp or Discord in 30 seconds.
Civ guide
Britons
Perfil
Jugador #9721099